 Dungeon Crawl Stone Soup version 0.23.2-1-ga50397a (webtiles) character file.

Game seed: 4341508994394540321

101 doot the Slasher (level 4, 0/33 HPs)
             Began as a Vampire Gladiator on Apr 26, 2019.
             Was an Initiate of Yredelemnul.
             Slain by a big kobold zombie (2 damage)
             ... in an ossuary.
             The game lasted 00:04:12 (1836 turns).

doot the Slasher (Vampire Gladiator)                Turns: 1836, Time: 00:04:13

Health: 0/33       AC:  4    Str: 14    XL:     4   Next: 48%
Magic:  4/4        EV: 14    Int: 10    God:    Yredelemnul [......]
Gold:   129        SH:  0    Dex: 15    Spells: 2/3 levels left

rFire    . . .     SeeInvis +   a - +0 long sword
rCold    . . .     Gourm    .   (no shield)
rNeg     + . .     Faith    .   b - +0 leather armour
rPois    .         Spirit   .   c - +0 helmet
rElec    .         Reflect  .   (no cloak)
rCorr    .         Harm     .   (no gloves)
MR       .....                  (no boots)
Stlth    +.........             (no amulet)
HPRegen  0.11/turn              (no ring)
MPRegen  0.09/turn              (no ring)

@: no status effects
A: fangs 3, see invisible, unbreathing
a: Bat Form, Renounce Religion


You were in an ossuary.
You worshipped Yredelemnul.
Yredelemnul was noncommittal.
You were not thirsty.

You visited 1 branch of the dungeon, and saw 4 of its levels.
You also visited: Ossuary.

You collected 129 gold pieces.

Inventory:

Hand Weapons
 a - a +0 long sword (weapon)
Missiles
 d - 3 throwing nets (quivered)
Armour
 b - a +0 leather armour (worn)
 c - a +0 helmet (worn)
 j - a cursed +0 leather armour
Jewellery
 s - a cursed -6 ring of dexterity {unknown}
Wands
 u - a wand of iceblast (6)
Scrolls
 h - 5 scrolls of identify {unknown}
 l - a scroll of enchant weapon {unknown}
 n - 2 scrolls of random uselessness {unknown}
 o - a scroll of amnesia {unknown}
 p - a scroll of immolation {unknown}
 r - a scroll of magic mapping {unknown}
 t - 2 scrolls of teleportation {unknown}
 w - a scroll of remove curse {unknown}
Potions
 f - a potion of brilliance {unknown}
 g - a potion of haste {unknown}
 i - a potion of magic {unknown}
 k - a potion of agility {unknown}
 m - a potion of curing
 q - a potion of heal wounds {unknown}
 v - a potion of resistance {unknown}


   Skills:
 + Level 2.2 Fighting
 + Level 4.2 Long Blades
 + Level 1.6 Throwing
 + Level 0.5 Armour
 + Level 4.1 Dodging
 + Level 0.9 Stealth


You had 2 spell levels left.
You knew the following spells:

 Your Spells              Type           Power        Failure   Level  Hunger
a - Pain                  Necr           #...         43%         1    ##.....

Your spell library contained the following spells:

 Spells                   Type           Power        Failure   Level  Hunger
 Animate Skeleton         Necr           N/A          43%         1    ##.....
 Regeneration             Chrm/Necr      #.........   82%         3    ####...
 Vampiric Draining        Necr           #.........   82%         3    ####...
 Animate Dead             Necr           N/A          99%         4    #####..


Dungeon Overview and Level Annotations

Branches:
Dungeon (4/15)             Temple (0/1) D:4

Altars:
Sif Muna
Vehumet
Yredelemnul
The Shining One


Innate Abilities, Weirdness & Mutations

You have razor-sharp teeth.
You have supernaturally acute eyesight. (SInv)
You can survive without breathing.


Message History

The big kobold zombie closely misses you.
You riposte.
You hit the big kobold zombie. Your bite misses the big kobold zombie.
The big kobold zombie is heavily damaged.
You hit the big kobold zombie. Your bite misses the big kobold zombie.
The big kobold zombie is severely damaged.
The big kobold zombie hits you but does no damage.
You hit the big kobold zombie.
The big kobold zombie is severely damaged.
The big kobold zombie barely misses you.
You riposte.
You barely miss the big kobold zombie.
The big kobold zombie is severely damaged.
You barely miss the big kobold zombie.
The big kobold zombie is severely damaged.
The big kobold zombie closely misses you.
You hit the big kobold zombie.
The big kobold zombie is almost destroyed.
The big kobold zombie hits you.
You die...
Yredelemnul claims you as an undead slave.

#....#
#....#
#....#
#....#
#....#
#....#
#....#
#Z...#
#@∩∩.#
######


You could see a big kobold zombie.

Vanquished Creatures
  A mummy (Ossuary)
  5 adders
  3 dart slugs
  A leopard gecko (D:2)
  2 orcs
  4 bats
  A giant cockroach (D:3)
  A goblin (D:1)
  A hobgoblin (D:1)
  3 jackals (D:1)
  2 kobolds
  A quokka (D:3)
  3 frilled lizards (D:2)
  2 gnoll zombies (Ossuary)
  A goblin zombie (D:4)
  2 kobold zombies (Ossuary)
  2 orc zombies (Ossuary)
  A quokka skeleton (D:4)
  A quokka zombie (D:4)
  2 rats (D:1)
39 creatures vanquished.

Notes
Turn   | Place    | Note
-------+----------+-------------------------------------------
     0 | D:1      | doot the Vampire Gladiator began the quest for the Orb.
     0 | D:1      | Reached XP level 1. HP: 16/16 MP: 1/1
   100 | D:1      | Reached XP level 2. HP: 18/22 MP: 2/2
   256 | D:2      | Reached XP level 3. HP: 20/27 MP: 3/3
   422 | D:2      | Found a basalt altar of Yredelemnul.
   433 | D:2      | Became a worshipper of Yredelemnul the Dark
   464 | D:2      | Found a radiant altar of Vehumet.
   941 | D:3      | Found a faded altar of an unknown god.
  1190 | D:3      | Learned a level 1 spell: Pain
  1243 | D:3      | Found a deep blue altar of Sif Muna.
  1254 | D:3      | Found a glowing golden altar of the Shining One.
  1606 | D:4      | Reached XP level 4. HP: 22/33 MP: 4/4
  1685 | D:4      | Found a staircase to the Ecumenical Temple.
  1760 | D:4      | Found a sand-covered staircase.
  1777 | Ossuary  | Entered an ossuary
  1826 | Ossuary  | HP: 1/33 [mummy (13)]
  1836 | Ossuary  | Slain by a big kobold zombie

Skill      XL: |  1  2  3  4 |
---------------+-------------+-----
Fighting       | 2 |  2.2
Dodging        | 4 |  4.1
Long Blades    | 4 |  4.2
Throwing       | |  1.6
Armour         | |  0.5
Stealth        | |  0.9

Action                   |  1- 3 |  4- 6 || total
-------------------------+-------+-------++-------
Melee: Long sword        |    85 |    48 ||   133
       Bite              |    15 |     9 ||    24
 Cast: Pain              |     1 |       ||     1
  Use: Potion            |     7 |     2 ||     9
 Stab: Sleeping          |     2 |     1 ||     3
Armor: Leather armour    |    22 |     9 ||    31
Dodge: Dodged            |    74 |    32 ||   106
       Rpst.: Long sword |    25 |    12 ||    37
